SKY
ST. LOUIS CARDINALS @ HOUSTON ASTROS
09/23/2052
 
TOP OF THE 1ST
St. Louis Cardinals batting - Pitching for Houston Astros : RHP Isaiah Beauregard
Pitching: RHP Isaiah Beauregard
Batting: RHB Edward Lepak 0-0: Ball
1-0: Foul Ball, location: 3SF
1-1: Ball
2-1: Swinging Strike
2-2: Strikes out swinging
Batting: RHB Bobby Grimm 0-0: Ball
1-0: Called Strike
1-1: SINGLE (Groundball, 4D, EV 95.0 MPH)
Batting: LHB Kid Albright 0-0: Ball
1-0: Grounds into double play, 6-4-3 (Groundball, 6, EV 89.4 MPH)
Top of the 1st over - 0 runs, 1 hit, 0 errors, 0 left on base; St. Louis 0 - Houston 0
BOTTOM OF THE 1ST
Houston Astros batting - Pitching for St. Louis Cardinals : RHP Nils Vanderbilt
Pitching: RHP Nils Vanderbilt
Batting: RHB Bill Thyfault 0-0: Ground out 6-3 (Groundball, 6S, EV 73.1 MPH)
Batting: LHB Austin Mitchell 0-0: Foul Ball, location: 9LMF
0-1: Ball
1-1: Ball
2-1: Foul Ball, location: 5SF
2-2: Foul Ball, location: 7LDF
2-2: Ball
3-2: Foul Ball, location: 7LDF
3-2: Ground out 4-3 (Groundball, 4, EV 84.4 MPH)
Batting: RHB Joshua Massengill 0-0: Ball
1-0: Foul Ball, location: 2F
1-1: Called Strike
1-2: Fly out, F9 (Flyball, 9, EV 83.8 MPH)
Bottom of the 1st over - 0 runs, 0 hits, 0 errors, 0 left on base; St. Louis 0 - Houston 0
TOP OF THE 2ND
St. Louis Cardinals batting - Pitching for Houston Astros : RHP Isaiah Beauregard
Batting: RHB Dan Moore 0-0: Called Strike
0-1: Called Strike
0-2: Ball
1-2: Fly out, F7 (Flyball, 7, EV 84.4 MPH)
Batting: LHB Josef Rosendorff 0-0: Swinging Strike
0-1: Called Strike
0-2: SINGLE (Line Drive, 8LS, EV 89.4 MPH)
Batting: RHB Thomas Barraza 0-0: Ball
1-0: Ball
2-0: Ball
3-0: Base on Balls
Josef Rosendorff to second
Batting: LHB David Atkinson 0-0: Ball
1-0: Grounds into double play, 5-4-3 (Groundball, 56S, EV 86.9 MPH)
Top of the 2nd over - 0 runs, 1 hit, 0 errors, 1 left on base; St. Louis 0 - Houston 0
BOTTOM OF THE 2ND
Houston Astros batting - Pitching for St. Louis Cardinals : RHP Nils Vanderbilt
Batting: LHB Owen Chandler 0-0: Called Strike
0-1: Swinging Strike
0-2: Ball
1-2: Foul Ball, location: 7LSF
1-2: Ball
2-2: DOUBLE (Line Drive, 89XD, EV 102.5 MPH)
Batting: RHB Stephan Davis 0-0: Ball
1-0: Ball
2-0: SINGLE (Groundball, 4MD, EV 98.8 MPH)
Owen Chandler to third
Batting: RHB Todd Gable 0-0: Called Strike
Stephan Davis is caught stealing 2nd base 2-4
0-1: Fly out, F8 (Flyball, 8RD, EV 95.0 MPH)
Runner from 3rd tags up, SCORES, throw by CF
Batting: RHB Eric Alvares 0-0: Called Strike
0-1: Called Strike
0-2: Foul Ball, location: 2F
0-2: Ball
1-2: Strikes out swinging
Bottom of the 2nd over - 1 run, 2 hits, 0 errors, 0 left on base; St. Louis 0 - Houston 1
TOP OF THE 3RD
St. Louis Cardinals batting - Pitching for Houston Astros : RHP Isaiah Beauregard
Batting: RHB Paco Paredes 0-0: Ball
1-0: Ball
2-0: Foul Ball, location: 2F
2-1: SINGLE (Line Drive, 78S, EV 90.6 MPH)
Batting: RHB Rick Sheley 0-0: Foul Ball, location: 9LMF
0-1: Fly out, F2 (Popup, 2LF, EV 90.6 MPH)
Batting: RHB Edward Lepak 0-0: Fielders Choice at 2nd, 5-4 (Groundball, 56, EV 82.5 MPH)
Batting: RHB Bobby Grimm 0-0: Foul Ball, location: 9LSF
0-1: Called Strike
0-2: Strikes out swinging
Top of the 3rd over - 0 runs, 1 hit, 0 errors, 1 left on base; St. Louis 0 - Houston 1
BOTTOM OF THE 3RD
Houston Astros batting - Pitching for St. Louis Cardinals : RHP Nils Vanderbilt
Batting: LHB Fallon Harrigan 0-0: Ball
1-0: SINGLE (Flyball, 6MD, EV 99.4 MPH)
Batting: SHB Da'jonte McClellan 0-0: Sac Bunt to 25 - play at first, batter safe!
Fallon Harrigan to second
Batting: RHB Bill Thyfault 0-0: Ball
1-0: Ball
2-0: Fly out, F7 (Line Drive, 7LS, EV 90.6 MPH)
Batting: LHB Austin Mitchell 0-0: Ball
1-0: Fly out, F8 (Line Drive, 8LM, EV 90.6 MPH)
Batting: RHB Joshua Massengill 0-0: Ball
1-0: Fly out, F6 (Line Drive, 6, EV 70.6 MPH)
Bottom of the 3rd over - 0 runs, 2 hits, 0 errors, 2 left on base; St. Louis 0 - Houston 1
TOP OF THE 4TH
St. Louis Cardinals batting - Pitching for Houston Astros : RHP Isaiah Beauregard
Batting: LHB Kid Albright 0-0: Called Strike
0-1: Swinging Strike
0-2: Ball
1-2: Ground out 6-3 (Groundball, 6, EV 83.8 MPH)
Batting: RHB Dan Moore 0-0: Ball
1-0: Ground out 5-3 (Groundball, 56, EV 108.1 MPH)
Batting: LHB Josef Rosendorff 0-0: Ball
1-0: Ball
2-0: Ball
3-0: Base on Balls
Batting: RHB Thomas Barraza 0-0: Fly out, F4 (Popup, 4MD, EV 41.9 MPH)
Top of the 4th over - 0 runs, 0 hits, 0 errors, 1 left on base; St. Louis 0 - Houston 1
BOTTOM OF THE 4TH
Houston Astros batting - Pitching for St. Louis Cardinals : RHP Nils Vanderbilt
Batting: LHB Owen Chandler 0-0: Ground out U3 (Groundball, 3, EV 95.6 MPH)
Batting: RHB Stephan Davis 0-0: Foul Ball, location: 2F
0-1: Foul Ball, location: 9LMF
0-2: Foul Ball, location: 3F
0-2: Ball
1-2: Ground out 6-3 (Groundball, 6M, EV 94.4 MPH)
Batting: RHB Todd Gable 0-0: Called Strike
0-1: Ball
1-1: Ball
2-1: Foul Ball, location: 5F
2-2: Ground out 6-3 (Groundball, 6, EV 104.4 MPH)
Bottom of the 4th over - 0 runs, 0 hits, 0 errors, 0 left on base; St. Louis 0 - Houston 1
TOP OF THE 5TH
St. Louis Cardinals batting - Pitching for Houston Astros : RHP Isaiah Beauregard
Batting: LHB David Atkinson 0-0: Foul Ball, location: 7LMF
0-1: Ball
1-1: Called Strike
1-2: Ball
2-2: Strikes out swinging
Batting: RHB Paco Paredes 0-0: Ball
1-0: Fly out, F3 (Popup, 34, EV 56.9 MPH)
Batting: RHB Rick Sheley 0-0: Ball
1-0: Ball
2-0: Foul Ball, location: 5SF
2-1: Foul Ball, location: 25F
2-2: Foul Ball, location: 25F
2-2: Strikes out swinging
Top of the 5th over - 0 runs, 0 hits, 0 errors, 0 left on base; St. Louis 0 - Houston 1
BOTTOM OF THE 5TH
Houston Astros batting - Pitching for St. Louis Cardinals : RHP Nils Vanderbilt
Batting: RHB Eric Alvares 0-0: Ball
1-0: Ground out 6-3 (Groundball, 6MS, EV 93.8 MPH)
Batting: LHB Fallon Harrigan 0-0: Ball
1-0: Foul Ball, location: 2F
1-1: Foul Ball, location: 7LMF
1-2: DOUBLE (Line Drive, 9LS, EV 106.3 MPH)
Batting: SHB Da'jonte McClellan 0-0: SINGLE (Line Drive, 7S, EV 91.9 MPH)
Fallon Harrigan to third
Batting: RHB Bill Thyfault 0-0: Ball
1-0: Ball
2-0: SINGLE (Line Drive, 8RS, EV 105.0 MPH)
Fallon Harrigan scores
Da'jonte McClellan to second
Batting: LHB Austin Mitchell 0-0: Ball
1-0: Foul Ball, location: 3F
1-1: Fly out, F8 (Flyball, 8LM, EV 85.0 MPH)
Batting: RHB Joshua Massengill 0-0: Called Strike
0-1: Ball
1-1: Foul Ball, location: 5F
1-2: Foul Ball, location: 2F
1-2: Ball
2-2: SINGLE (Line Drive, 78S, EV 98.1 MPH)
Da'jonte McClellan to third
Bill Thyfault to second
Runner from 3rd tries for Home, throw by LF and OUT! 7-2
Bottom of the 5th over - 1 run, 4 hits, 0 errors, 2 left on base; St. Louis 0 - Houston 2
TOP OF THE 6TH
St. Louis Cardinals batting - Pitching for Houston Astros : RHP Isaiah Beauregard
Now at 2B: Caleb England
Batting: RHB Edward Lepak 0-0: Foul Ball, location: 2F
0-1: Foul Ball, location: 5FF
0-2: Ball
1-2: SINGLE (Groundball, 6MD, EV 98.1 MPH)
Batting: RHB Bobby Grimm 0-0: Ball
1-0: Ball
2-0: Fly out, F7 (Flyball, 7, EV 90.0 MPH)
Batting: LHB Kid Albright 0-0: Swinging Strike
0-1: Ball
Edward Lepak steals 2nd base
1-1: Called Strike
1-2: Ball
2-2: Foul Ball, location: 2RF
2-2: Ball
3-2: Base on Balls
Batting: RHB Dan Moore 0-0: Ball
1-0: Fly out, F9 (Flyball, 8RS, EV 93.8 MPH)
Batting: LHB Josef Rosendorff 0-0: Called Strike
0-1: Called Strike
0-2: Strikes out swinging
Top of the 6th over - 0 runs, 1 hit, 0 errors, 2 left on base; St. Louis 0 - Houston 2
BOTTOM OF THE 6TH
Houston Astros batting - Pitching for St. Louis Cardinals : RHP Nils Vanderbilt
Batting: LHB Owen Chandler 0-0: Ball
1-0: Fly out, F8 (Flyball, 89S, EV 75.6 MPH)
Batting: RHB Stephan Davis 0-0: Ball
1-0: Called Strike
1-1: Ball
2-1: Fly out, F4 (Popup, 4, EV 66.9 MPH)
Batting: RHB Todd Gable 0-0: Called Strike
0-1: Ball
1-1: Foul Ball, location: 5F
1-2: SINGLE (Groundball, 4D, EV 100.0 MPH)
Batting: RHB Eric Alvares 0-0: Ball
1-0: Ball
2-0: Ball
3-0: Called Strike
3-1: Fly out, F8 (Flyball, 8RD, EV 97.5 MPH)
Bottom of the 6th over - 0 runs, 1 hit, 0 errors, 1 left on base; St. Louis 0 - Houston 2
TOP OF THE 7TH
St. Louis Cardinals batting - Pitching for Houston Astros : RHP Isaiah Beauregard
Batting: RHB Thomas Barraza 0-0: Called Strike
0-1: Swinging Strike
0-2: Ball
1-2: Ground out 6-3 (Groundball, 6, EV 88.1 MPH)
Batting: LHB David Atkinson 0-0: Foul Ball, location: 2F
0-1: Ball
1-1: Fly out, F7 (Flyball, 78S, EV 90.6 MPH)
Batting: RHB Paco Paredes 0-0: Ball
1-0: Ball
2-0: Foul Ball, location: 3F
2-1: Ball
3-1: Foul Ball, location: 25FF
3-2: Foul Ball, location: 9LDF
3-2: Ground out 1-3 (Groundball, 13, EV 70.0 MPH)
Top of the 7th over - 0 runs, 0 hits, 0 errors, 0 left on base; St. Louis 0 - Houston 2
BOTTOM OF THE 7TH
Houston Astros batting - Pitching for St. Louis Cardinals : RHP Nils Vanderbilt
Pitching: LHP Josef O'Hara
Batting: LHB Fallon Harrigan 0-0: Ball
1-0: Ball
2-0: Called Strike
2-1: SINGLE (Groundball, 4M, EV 95.6 MPH) (infield hit)
Batting: LHB Caleb England 0-0: Called Strike
Fallon Harrigan steals 2nd base
0-1: Ground out 6-3 (Groundball, 6, EV 86.9 MPH)
Fallon Harrigan to third
Batting: RHB Bill Thyfault 0-0: Foul Ball, location: 9LSF
0-1: Foul Ball, location: 9LMF
0-2: Ball
1-2: Fly out, F9 (Line Drive, 9S, EV 85.6 MPH)
Batting: LHB Austin Mitchell 0-0: Swinging Strike
0-1: 2-RUN HOME RUN (Flyball, 9LD, EV 95.6 MPH), Distance : 351 ft
Batting: RHB Joshua Massengill 0-0: Called Strike
0-1: Swinging Strike
0-2: Foul Ball, location: 5FF
0-2: Ball
1-2: Strikes out looking
Bottom of the 7th over - 2 runs, 2 hits, 0 errors, 0 left on base; St. Louis 0 - Houston 4
TOP OF THE 8TH
St. Louis Cardinals batting - Pitching for Houston Astros : RHP Isaiah Beauregard
Pitching: RHP Austin Norris
Batting: RHB Rick Sheley 0-0: Ball
1-0: Ball
2-0: Ball
3-0: Base on Balls
Batting: RHB Edward Lepak 0-0: Called Strike
0-1: Ball
1-1: Ball
2-1: SINGLE (Line Drive, 7LS, EV 93.8 MPH)
Rick Sheley to second
Batting: RHB Bobby Grimm 0-0: Grounds into double play, 4-6-3 (Groundball, 4MD, EV 96.9 MPH)
Rick Sheley to third
Batting: LHB Kid Albright 0-0: Swinging Strike
0-1: Ball
1-1: Foul Ball, location: 7LMF
1-2: Ball
2-2: Ball
3-2: Foul Ball, location: 25FF
3-2: 2-RUN HOME RUN (Flyball, 89XD, EV 108.1 MPH), Distance : 425 ft
Batting: RHB Dan Moore 0-0: Called Strike
0-1: Foul Ball, location: 3FF
0-2: Strikes out swinging
Top of the 8th over - 2 runs, 2 hits, 0 errors, 0 left on base; St. Louis 2 - Houston 4
BOTTOM OF THE 8TH
Houston Astros batting - Pitching for St. Louis Cardinals : LHP Josef O'Hara
Batting: LHB Owen Chandler 0-0: Swinging Strike
0-1: Called Strike
0-2: Foul Ball, location: 25F
0-2: Strikes out swinging
Batting: RHB Stephan Davis 0-0: Ball
1-0: Foul Ball, location: 2F
1-1: Called Strike
1-2: SINGLE (Line Drive, 56D, EV 100.6 MPH)
Batting: RHB Todd Gable 0-0: Foul Ball, location: 7LMF
0-1: Ball
1-1: Ball
2-1: Ball
3-1: Base on Balls
Stephan Davis to second
Batting: RHB Eric Alvares 0-0: Called Strike
Stephan Davis is caught stealing 3rd base 2-5
Todd Gable to second
0-1: Foul Ball, location: 2F
0-2: Ball
1-2: Foul Ball, location: 2F
1-2: Strikes out swinging
Bottom of the 8th over - 0 runs, 1 hit, 0 errors, 1 left on base; St. Louis 2 - Houston 4
TOP OF THE 9TH
St. Louis Cardinals batting - Pitching for Houston Astros : RHP Austin Norris
Pitching: LHP Wyatt Leger
Batting: LHB Josef Rosendorff 0-0: Called Strike
0-1: Called Strike
0-2: Strikes out looking
Batting: RHB Thomas Barraza 0-0: Ball
1-0: Ball
2-0: Called Strike
2-1: Called Strike
2-2: Ball
3-2: Foul Ball, location: 9LSF
3-2: Foul Ball, location: 5FF
3-2: SINGLE (Line Drive, 56D, EV 99.4 MPH)
Batting: LHB David Atkinson 0-0: Called Strike
0-1: Foul Ball, location: 2F
0-2: Strikes out swinging
Batting: RHB Paco Paredes 0-0: Ball
1-0: SINGLE (Line Drive, 4MD, EV 93.8 MPH)
Thomas Barraza to second
Batting: RHB Rick Sheley 0-0: Called Strike
0-1: Called Strike
0-2: Ball
1-2: Fielders Choice at 2nd, 6-4 (Groundball, 6, EV 83.1 MPH)
Top of the 9th over - 0 runs, 2 hits, 0 errors, 2 left on base; St. Louis 2 - Houston 4
Wednesday, May 8th , 2024 - OOTP Baseball 24.11 Build 85